 Seeded DCSS version 0.30.0-15-g856e2d3f33 (webtiles) character file.

Game seed: 12735965570273765983 (custom seed)

493 Pimp the Shooter (level 6, -4/48 HPs)
             Began as a Demonspawn Hunter on May 19, 2023.
             Was an Initiate of Okawaru.
             Slain by an ogre
             ... wielding the +6 great mace "Zabrocita" {flame, rPois rF- Str+3}
              (8 damage)
             ... on level 5 of the Dungeon.
             The game lasted 00:10:25 (4361 turns).

Pimp the Shooter (Demonspawn Hunter)                Turns: 4361, Time: 00:10:25

Health: -4/48      AC:  7    Str: 14    XL:     6   Next: 92%
Magic:  6/6        EV: 13    Int: 17    God:    Okawaru [......]
Gold:   227        SH:  0    Dex: 18    Spells: 5/5 levels left

rFire   . . .        a - +0 shortbow
rCold   . . .        (shield currently unavailable)
rNeg    + . .        c - +0 leather armour
rPois   +            e - +0 helmet
rElec   .            (no cloak)
rCorr   .            k - +1 pair of gloves
SInv    .            n - +0 pair of boots
Will    .....        d - amulet "Hiorch" {Faith Str+3}
Stlth   ++           h - ring of Zoj Xuem {rPois Int+6}
HPRegen 0.28/turn    p - ring of positive energy
MPRegen 0.10/turn

%: faith
@: no status effects
A: foul stench 1, demonic magic 1
a: Renounce Religion


You were on level 5 of the Dungeon.
You worshipped Okawaru.
Okawaru was noncommittal.
You visited 2 branches of the dungeon, and saw 6 of its levels.

You collected 227 gold pieces.

Inventory:

Hand Weapons
 a - a +0 shortbow (weapon)
Armour
 c - a +0 leather armour (worn)
 e - a +0 helmet (worn)
 k - a +1 pair of gloves (worn)
 n - a +0 pair of boots (worn)
Magical Staves
 z - a staff of conjuration
Jewellery
 d - the amulet "Hiorch" (around neck) {Faith Str+3}
   (You acquired it on level 1 of the Dungeon)

   [amulet of faith]

   It allows you to gain divine favour quickly.
   Str:       It affects your strength (+3).
 h - the ring of Zoj Xuem (left hand) {rPois Int+6}
   (You acquired it on level 1 of the Dungeon)

   [ring of intelligence]

   Int:       It affects your intelligence (+6).
   rPois:     It protects you from poison.
 p - a ring of positive energy (right hand)
Wands
 y - a wand of iceblast (5) (quivered)
Scrolls
 b - 3 scrolls of immolation
 j - a scroll of vulnerability
 l - a scroll of blinking
 m - a scroll of noise {unknown}
 q - a scroll of brand weapon {unknown}
 s - 2 scrolls of enchant armour {unknown}
 t - a scroll of enchant weapon {unknown}
 u - a scroll of silence {unknown}
 w - 2 scrolls of identify
 x - a scroll of fear {unknown}
 B - a scroll of poison {unknown}
Potions
 g - 2 potions of haste {unknown}
 i - a potion of magic {unknown}
 o - 2 potions of curing {unknown}
 r - a potion of mutation {unknown}
 v - a potion of berserk rage {unknown}
 A - a potion of lignification {unknown}
 C - a potion of brilliance {unknown}


   Skills:
 + Level 4.1 Fighting
 + Level 4.9 Ranged Weapons
 + Level 2.0 Armour
 + Level 3.7 Dodging
 - Level 2.5 Stealth


You had 5 spell levels left.
You didn't know any spells.
Your spell library contained the following spells:

 Spells                   Type           Power      Damage    Failure   Level
 Lesser Beckoning         Tloc           0%         N/A       41%         2
 Gell's Gravitas          Tloc           0%         N/A       65%         3
 Teleport Other           Tloc           0%         N/A       65%         3
 Summon Small Mammal      Summ           Unusable   N/A       N/A         1
 Call Canine Familiar     Summ           Unusable   N/A       N/A         3
 Summon Guardian Golem    Hex/Summ       Unusable   N/A       N/A         3

Dungeon Overview and Level Annotations

Branches:
Dungeon (5/15)             Temple (1/1) D:5

Altars:
Dithmenos
Fedhas
Gozag
Hepliaklqana
Okawaru
Qazlal
Ru
Sif Muna
Uskayaw
Vehumet
Wu Jian
Xom
Yredelemnul

Annotations:
D:5 1 transporter, Persephone's ghost, novice MiFi


Innate Abilities, Weirdness & Mutations

You may rarely emit foul miasma when damaged in melee.
Spells you cast may paralyse adjacent enemies.


Message History

There is a transporter landing site here.
The ogre shouts!
There is a transporter here.
You enter the transporter and appear at another place.
Found a scroll of identify.
Aiming: Iceblast
Press: ? - help, Q - select action, (/) - cycle Shift-Dir - straight line, f - Persephone's ghost
Aim: Persephone's ghost The mass of ice explodes!
The iceblast engulfs Persephone's ghost!!
Persephone's ghost is moderately damaged.
Aiming: Iceblast
Press: ? - help, Q - select action, (/) - cycle Shift-Dir - straight line, f/p - Persephone's ghost
Aim: Persephone's ghost (moderately damaged)
The mass of ice explodes!
The iceblast engulfs Persephone's ghost.
Persephone's ghost is heavily damaged.
Aiming: Iceblast
Press: ? - help, Q - select action, (/) - cycle Shift-Dir - straight line, f/p - Persephone's ghost
Aim: Persephone's ghost (heavily damaged)
The mass of ice explodes!
The iceblast engulfs Persephone's ghost!
Persephone's ghost is heavily damaged.
Aiming: Iceblast
Press: ? - help, Q - select action, (/) - cycle Shift-Dir - straight line, f/p - Persephone's ghost
Aim: Persephone's ghost (heavily damaged) That beam is likely to hit you.
Continue anyway?
Okay, then.
You shoot an arrow. The arrow hits Persephone's ghost.
Persephone's ghost is heavily damaged.
Persephone's ghost hits you!
You shoot an arrow.
The arrow barely misses Persephone's ghost.
The arrow completely misses the ogre.
Persephone's ghost hits you. Persephone's ghost hits you.
The ogre attacks as you move away!
The ogre hits you with the +6 great mace "Zabrocita" {flame, rPois rF- Str+3}!!
* * * LOW HITPOINT WARNING * * *
The ogre burns you!
You die...

.....###.....#####.#.#.####.#.##.
#.#### #.....# #........# #.#.##.
#.# #.....# #........# #.#.##.
#.# ####### #........###.#.##.
#.# ########..##.#.##. #.#
#......#..##.#.##. ..#
#..##..#..##.#.##.
..##############?#..#.#..........
..#.....)......#@#..#.#...#.#.###
#.....##...#####OW##.$#©..#<#....
#.#.#..........#©....$#...#.#####
#.#.#...########..##..#©..#.# #.
#.#.##..## #.#..#.#...#.# #.
#.#.##...#### #.#..#O#...#.# #.
#.#.##.#>...# #..##..#.....# #.
#.#.##.#....## #©.....#.....# #.
#.#..#.#.....# ########...#.####.


You could see an ogre and Persephone's ghost.

Vanquished Creatures
  A phantom (D:5)
  3 hounds (D:5)
  A gnoll bouda (D:5)
  A sleepcap (D:5)
  Jessica (D:3)
  Terence (D:2)
  8 gnolls
  4 adders
  2 worms
  A dart slug (D:3)
  14 orcs
  8 ball pythons
  2 bats
  4 endoplasms
  2 giant cockroaches
  8 goblins
  6 hobgoblins
  7 jackals
  6 kobolds
  7 quokkas
  4 frilled lizards
  5 rats
96 creatures vanquished.

Notes
Turn   | Place    | Note
-------+----------+-------------------------------------------
     0 | D:1      | Pimp the Demonspawn Hunter began the quest for the Orb.
     0 | D:1      | Reached XP level 1. HP: 16/16 MP: 1/1
    43 | D:1      | Reached skill level 1 in Stealth
    61 | D:1      | Gained mutation: Spells you cast may paralyse adjacent
                  | enemies. [demonic ancestry]
    61 | D:1      | Reached XP level 2. HP: 20/22 MP: 2/2
   448 | D:1      | Reached XP level 3. HP: 28/28 MP: 3/3
   658 | D:1      | Identified 2 scrolls of acquirement
   658 | D:1      | Acquired the amulet "Hiorch" {Faith Str+3}
   659 | D:1      | Acquired the ring of Zoj Xuem {rPois Int+6}
  1306 | D:2      | Gained mutation: You may rarely emit foul miasma when
                  | damaged in melee. [demonic ancestry]
  1306 | D:2      | Reached XP level 4. HP: 28/34 MP: 4/4
  1412 | D:2      | Found a stormy altar of Qazlal.
  1425 | D:2      | Noticed Terence
  1435 | D:2      | Killed Terence
  1793 | D:3      | Noticed Jessica
  1794 | D:3      | Killed Jessica
  1955 | D:3      | Reached XP level 5. HP: 41/41 MP: 5/5
  2536 | D:4      | Found a shadowy altar of Dithmenos.
  2557 | D:4      | Found a blossoming altar of Fedhas.
  2566 | D:4      | Found a hazy altar of Hepliaklqana.
  2626 | D:4      | Found a radiant altar of Vehumet.
  2742 | D:4      | Found a basalt altar of Yredelemnul.
  3011 | D:5      | Entered Level 5 of the Dungeon
  3013 | D:5      | Found a transporter.
  3013 | D:5      | Noticed Persephone's ghost (novice MiFi)
  3080 | D:5      | Noticed a phantom
  3090 | D:5      | Killed a phantom
  3091 | D:5      | Reached skill level 1 in Armour
  3091 | D:5      | Reached XP level 6. HP: 47/47 MP: 6/6
  3271 | D:5      | Found a transporter.
  3307 | D:5      | Identified the +6 great mace "Zabrocita" {flame, rPois rF-
                  | Str+3}
  3349 | D:5      | Found a staircase to the Ecumenical Temple.
  3388 | Temple   | Entered the Ecumenical Temple
  3428 | Temple   | Became a worshipper of Warmaster Okawaru
  3508 | D:5      | Found a hide-covered altar of Uskayaw.
  3942 | D:5      | Found an ornate altar of the Wu Jian Council.
  4154 | D:5      | Identified the +2 scimitar of Qeapla {drain, Drain rF++
                  | Str+3 Stlth+}
  4361 | D:5      | Slain by an ogre

Illustrated notes

Levels and vault maps discovered:
D:1:      dpeg_arrival_long_road, layout_loops_cross, hex_tiny
D:2:      minmay_evil_eye, layout_basic, basic_altar, minmay_ruptured,
          uniq_terence
D:3:      layout_loops_ring, minmay_surrounded, uniq_jessica
D:4:      layout_cave_pools, mainiacjoe_overflow_brackets,
          mainiacjoe_overflow_24_doors, mainiacjoe_overflow_catwalk, minitemple
D:5:      layout_basic, eat_drink_and_be_merry_uskayaw, kennysheep_little_box,
          minmay_temple_entry_glassed_door, gammafunk_ghost_smash, minivault_25
Temple:   jpeg_temple_clearing

Skill      XL: |  1  2  3  4  5  6 |
---------------+-------------------+-----
Stealth        | 1 2 |  2.5
Dodging        | 2 3 |  3.7
Ranged Weapons | 4 |  4.9
Fighting       | 3 4 |  4.1
Armour         | 1 2 |  2.0

Action                     |  1- 3 |  4- 6 || total
---------------------------+-------+-------++-------
   Fire: Shortbow          |   117 |   201 ||   318
  Evoke: Wand              |       |     3 ||     3
    Use: Scroll            |     3 |     3 ||     6
 Armour: Leather armour    |    22 |    38 ||    60
  Dodge: Dodged            |    40 |    95 ||   135
